 Seeded DCSS version 0.31-a0-496-g6f97920a28 (webtiles) character file.

Game seed: 4999179118763337034 (custom seed)

2176 bmack86 the Cleaver (level 9, -11/70 HPs)
             Began as a Minotaur Fighter on Aug 9, 2023.
             Killed from afar by an electric eel (14 damage)
             ... with a bolt of electricity
             ... on level 6 of the Dungeon.
             The game lasted 00:10:58 (4837 turns).

bmack86 the Cleaver (Minotaur Fighter)              Turns: 4837, Time: 00:10:59

Health: -11/70     AC: 13    Str: 31    XL:     9   Next: 11%
Magic:  8/8        EV:  7    Int:  5    God:
Gold:   237        SH:  5    Dex: 16    Spells: 8/8 levels left

rFire   . . .        d - +1 broad axe (spect)
rCold   . . .        c - +0 buckler
rNeg    . . .        x - +0 plate armour
rPois   .            (helmet restricted)
rElec   .            r - +1 cloak
rCorr   .            (no gloves)
SInv    .            (no boots)
Will    .....        y - amulet of the acrobat Stlth
                     p - +6 ring of dexterity
HPRegen 0.31/turn    q - +6 ring of strength
MPRegen 0.11/turn

%: acrobat
@: no status effects
A: horns 2, retaliatory headbutt
a: no special abilities


You were on level 6 of the Dungeon.
You visited 1 branch of the dungeon, and saw 6 of its levels.

You collected 237 gold pieces.

Inventory:

Hand Weapons
 a - a +0 war axe
 d - a +1 spectral broad axe (weapon)
Missiles
 f - 9 silver javelins
 s - 4 boomerangs (quivered)
 C - 2 curare-tipped darts
Armour
 b - a +0 scale mail
 c - a +0 buckler (worn)
 r - a +1 cloak (worn)
 x - a +0 plate armour (worn)
Jewellery
 e - a ring of fire
 p - a +6 ring of dexterity (left hand)
 q - a +6 ring of strength (right hand)
 t - a ring of poison resistance
 y - an amulet of the acrobat (around neck)
Wands
 u - a wand of polymorph (9)
 w - a wand of flame (12)
Scrolls
 g - 2 scrolls of teleportation
 j - 2 scrolls of fear {unknown}
 l - 2 scrolls of poison {unknown}
 n - 2 scrolls of fog {unknown}
 o - 3 scrolls of identify {unknown}
 A - a scroll of immolation {unknown}
 B - a scroll of amnesia {unknown}
Potions
 h - a potion of lignification {unknown}
 i - 3 potions of curing {unknown}
 k - 2 potions of degeneration {unknown}
 m - 2 potions of brilliance {unknown}
 v - a potion of attraction {unknown}
 z - a potion of enlightenment {unknown}


   Skills:
 - Level 3.6 Fighting
 + Level 14.3 Axes
 - Level 3.6 Armour
 - Level 3.6 Shields


You had 8 spell levels left.
You didn't know any spells.
Your spell library contained the following spells:

 Spells                   Type           Power      Damage    Failure   Level
 Magic Dart               Conj           0%         1d3       99%         1
 Slow                     Hex            0%         N/A       99%         1
 Lesser Beckoning         Tloc           0%         N/A       100%        2
 Searing Ray              Conj           0%         2d4       100%        2
 Confusing Touch          Hex            0%         N/A       100%        3
 Gell's Gravitas          Tloc           0%         N/A       100%        3
 Teleport Other           Tloc           0%         N/A       100%        3
 Vampiric Draining        Necr           0%         2d6       100%        3
 Fulminant Prism          Conj/Hex       0%         3d5       100%        4


Dungeon Overview and Level Annotations

Branches:
Dungeon (6/15)
 Temple: D:4-7

Altars:

Annotations:
D:3 3 runed translucent doors, lxXxl's ghost, weakling GrWn


Innate Abilities, Weirdness & Mutations

You have a pair of horns on your head.
You reflexively headbutt those who attack you in melee.


Message History

You barely miss the electric eel.
Your +1 spectral broad axe closely misses the electric eel.
The electric eel shoots out a bolt of lightning at you!
The bolt of electricity hits you!
The electric eel shoots out a bolt of lightning at you!
The bolt of electricity hits you.
The bolt of electricity hits the electric eel.
The electric eel completely resists.
Your +1 spectral broad axe disappears.
The electric eel shoots out a bolt of lightning at you!
The bolt of electricity hits you. The bolt of electricity misses you.
The bolt of electricity hits the electric eel.
The electric eel completely resists.
You closely miss the electric eel. Your headbutt misses the electric eel.
You hit the electric eel.
Your +1 spectral broad axe misses the electric eel.
Your +1 spectral broad axe barely misses the electric eel. x2
Your +1 spectral broad axe completely misses the electric eel.
The electric eel shoots out a bolt of lightning at you!
The bolt of electricity hits you.
* * * LOW HITPOINT WARNING * * *
The bolt of electricity hits you.
* * * LOW HITPOINT WARNING * * *
The bolt of electricity misses the electric eel.
You miss the electric eel. Your headbutt misses the electric eel.
You hit the electric eel.
Your +1 spectral broad axe misses the electric eel.
Your +1 spectral broad axe hits the electric eel!
Your +1 spectral broad axe closely misses the electric eel.
Your +1 spectral broad axe misses the electric eel.
The electric eel shoots out a bolt of lightning at you!
The bolt of electricity hits you!
* * * LOW HITPOINT WARNING * * *
The bolt of electricity hits you.
* * * LOW HITPOINT WARNING * * *
The bolt of electricity hits the electric eel.
The electric eel completely resists.
The electric eel shoots out a bolt of lightning at you!
The bolt of electricity misses you. The bolt of electricity hits you!
You die...

#############
#.. ......)..
#.# #.~≈~~~.~
#.# ..~≈≈≈≈.~
#.# #.(≈≈≈~.~
#†###.S~~~~.~
#....@......~
#.##..S~≈~...
####.###.≈≈≈~.~≈
#...<....≈≈≈~.~~
#.##.###.~≈≈~.~≈
#.##># #.~≈≈~.~~
#.##.. .........
#.##.########..#
# #.##.# #.# .


You could see 2 electric eels and a friendly +1 spectral broad axe.

Vanquished Creatures
  2 water moccasins
  An orc warrior (D:4)
  An ice beast (D:6)
  An ogre (D:4)
  2 black bears (D:4)
  A centaur (D:6)
  3 kobold brigands (D:6)
  A phantom (D:6)
  Blork the orc (D:5)
  A bullfrog (D:6)
  2 scorpions
  5 hounds
  Crazy Yiuf (D:2)
  2 gnoll boudas
  5 orc priests
  2 sleepcaps
  4 orc wizards (D:6)
  Natasha (twice) (D:3)
  An iguana (D:6)
  9 gnolls
  7 adders
  A white imp (D:5)
  3 ufetubi
  2 worms
  5 dart slugs
  14 orcs
  6 bats
  7 endoplasms
  3 giant cockroaches
  A goblin (D:2)
  4 hobgoblins
  8 jackals
  4 quokkas
  8 ball pythons
  3 frilled lizards
  21 kobolds
  6 rats
150 creatures vanquished.

Notes
Turn   | Place    | Note
-------+----------+-------------------------------------------
     0 | D:1      | bmack86 the Minotaur Fighter began the quest for the Orb.
     0 | D:1      | Reached XP level 1. HP: 19/19 MP: 0/0
   144 | D:1      | Reached skill level 3 in Axes
   457 | D:1      | Reached XP level 2. HP: 26/26 MP: 1/1
   815 | D:2      | Reached skill level 4 in Axes
   829 | D:2      | Reached XP level 3. HP: 31/31 MP: 2/2
  1413 | D:2      | Found a runed translucent door.
  1414 | D:2      | Noticed Crazy Yiuf
  1550 | D:2      | Reached skill level 5 in Axes
  1589 | D:2      | HP: 1/30 [Crazy Yiuf/+3 quarterstaff of chaos (1)]
  1590 | D:2      | Killed Crazy Yiuf
  1591 | D:2      | Reached XP level 4. HP: 2/39 MP: 1/3
  1807 | D:3      | Noticed Natasha
  1813 | D:3      | Killed Natasha
  1814 | D:3      | Reached skill level 6 in Axes
  1904 | D:3      | Noticed Natasha
  1909 | D:3      | Killed Natasha
  1910 | D:3      | Reached XP level 5. HP: 42/45 MP: 4/4
  1989 | D:3      | Found a runed translucent gate.
  1989 | D:3      | Found a runed translucent gate.
  1989 | D:3      | Found a runed translucent gate.
  2140 | D:3      | Noticed lxXxl's ghost (weakling GrWn)
  2551 | D:4      | Reached skill level 7 in Axes
  2634 | D:4      | Noticed an ogre
  2643 | D:4      | Killed an ogre
  2644 | D:4      | Reached XP level 6. HP: 51/51 MP: 5/5
  2648 | D:4      | Reached skill level 8 in Axes
  2684 | D:4      | Noticed an orc warrior
  2697 | D:4      | Killed an orc warrior
  2910 | D:4      | Reached skill level 9 in Axes
  2915 | D:4      | Reached XP level 7. HP: 15/57 MP: 6/6
  3215 | D:4      | Reached skill level 10 in Axes
  3549 | D:5      | Entered Level 5 of the Dungeon
  3570 | D:5      | Noticed Blork the orc
  3576 | D:5      | Killed Blork the orc
  3577 | D:5      | Reached skill level 11 in Axes
  3588 | D:5      | Reached XP level 8. HP: 58/64 MP: 7/7
  4068 | D:6      | Reached skill level 12 in Axes
  4187 | D:6      | Reached skill level 13 in Axes
  4410 | D:6      | Reached skill level 14 in Axes
  4410 | D:6      | Reached XP level 9. HP: 68/70 MP: 8/8
  4837 | D:6      | HP: 3/70 [electric eel/bolt of electricity (3)]
  4837 | D:6      | Killed from afar by an electric eel

Illustrated notes

Levels and vault maps discovered:
D:1:      lightli_arrival_flooded_house, layout_loops_corners,
          serial_park_tiny_1
D:2:      layout_loops_ring, uniq_crazy_yiuf_cottage
D:3:      layout_loops_ring, gammafunk_ghost_icy, uniq_natasha
D:4:      layout_loops_ring, serial_bayou_pond_b, reono_crystal_passage
D:5:      layout_cave_pools, grunt_ministairs_2, uniq_blork_the_orc
D:6:      layout_loops_ring, eino_small_chamber_without_monster, minivault_14

Skill      XL: |  1  2  3  4  5  6  7  8 |
---------------+-------------------------+-----
Axes           | 3 4 5 6 7 9 11 14 | 14.3
Fighting       | |  3.6
Armour         | |  3.6
Shields        | |  3.6

Action                     |  1- 3 |  4- 6 |  7- 9 || total
---------------------------+-------+-------+-------++-------
  Melee: War axe           |    46 |    63 |       ||   109
         Headbutt          |     7 |    22 |    21 ||    50
         Broad axe         |       |    38 |   131 ||   169
  Throw: Javelin           |     1 |       |       ||     1
         Boomerang         |       |     8 |       ||     8
    Use: Potion            |       |     1 |       ||     1
         Scroll            |       |       |     4 ||     4
   Stab: Distracted        |       |       |     2 ||     2
 Armour: Scale mail        |    20 |    20 |       ||    40
         Plate armour      |       |    19 |    69 ||    88
  Dodge: Dodged            |    12 |    29 |    81 ||   122
  Block: Buckler           |     7 |    24 |    35 ||    66

Table legend: (Time is in decaauts)
 A = Elapsed time spent in this place.
 B = Non-inter-level travel time spent in this place.
 C = Inter-level travel time spent in this place.
 D = Time resting spent in this place.
 E = Time spent auto-exploring this place.
 F = Levels seen in this place.
 G = Mean time per level.
                   A        B        C        D        E       F      G
               +--------+--------+--------+--------+--------+-----+--------+
         Total |   4876 |   4755 |    121 |     67 |   3583 |   6 |  812.7 |
       Dungeon |   4876 |   4755 |    121 |     67 |   3583 |   6 |  812.7 |
               +--------+--------+--------+--------+--------+-----+--------+

Top non-repeatable levels by time:
     D:4: 1022 daAuts
     D:2: 985 daAuts
     D:1: 806 daAuts
     D:6: 779 daAuts
     D:3: 777 daAuts
     D:5: 505 daAuts
